[Event "27th OIBM 2024"]
[Site "Gmund am Tegernsee"]
[Date "2024.10.26"]
[Round "1.26"]
[White "Becker, Matthias"]
[Black "Kick, Joachim"]
[Result "1-0"]
[ECO "C26"]
[WhiteElo "2338"]
[BlackElo "2073"]
[Annotator "RC"]
[PlyCount "47"]
[EventDate "2024.09.16"]
[EventType "swiss"]
[EventCountry "GER"]
[SourceTitle "playchess.com"]
[Source "ChessBase"]
[SourceQuality "1"]
[TimeControl "40/5400+30:1800+30"]

1. e4 e5 2. Nc3 Nf6 3. d4 exd4 4. Qxd4 Nc6 5. Qd3 Bb4 6. Bd2 O-O 7. O-O-O Re8 8. Nge2 d6 9. Bg5 h6 10. Bxf6 Qxf6 11. Nd5 Qd8 12. Nxb4 Nxb4 13. Qd2 a5 14. a3 Nc6 15. Nc3 Be6 16. f4 f5 17. exf5 Bxf5 18. Rg1 Qd7 19. Bb5 Kh8 20. h3 Rad8 21. g4 Be4 22. g5 Bf5 23. gxh6 gxh6 24. Nd5 1-0

[Event "27th OIBM 2024"]
[Site "Gmund am Tegernsee"]
[Date "2024.10.26"]
[Round "1.27"]
[White "Freundorfer, Josef"]
[Black "Weber, Ulrich"]
[Result "0-1"]
[ECO "B21"]
[WhiteElo "2072"]
[BlackElo "2334"]
[Annotator "RC"]
[PlyCount "112"]
[EventDate "2024.09.16"]
[EventType "swiss"]
[EventCountry "GER"]
[SourceTitle "playchess.com"]
[Source "ChessBase"]
[SourceQuality "1"]
[TimeControl "40/5400+30:1800+30"]

1. e4 c5 2. d4 cxd4 3. c3 dxc3 4. Nxc3 e6 5. Nf3 a6 6. Bc4 Nc6 7. O-O Nge7 8. Qe2 Ng6 9. e5 Be7 10. Bd2 O-O 11. Rfe1 b5 12. Bb3 Bb7 13. Rad1 Rc8 14. Bc1 Na5 15. Bc2 Nc4 16. Be4 Bxe4 17. Qxe4 Qc7 18. h4 b4 19. Na4 d5 20. exd6 Nxd6 21. Qd4 Nf5 22. Qb6 Nfxh4 23. Nxh4 Nxh4 24. Qxc7 Rxc7 25. Bf4 Rc6 26. Rd7 Ng6 27. Bg3 h5 28. Red1 Rfc8 29. Ra7 h4 30. Bh2 Rc1 31. Rad7 R8c2 32. Kf1 Rxd1+ 33. Rxd1 Bg5 34. Rd6 Bf4 35. Rd8+ Kh7 36. g3 Bg5 37. Rd4 h3 38. g4 e5 39. Rd3 Rc1+ 40. Ke2 Rc2+ 41. Kf1 Rc1+ 42. Ke2 Ra1 43. Rxh3+ Kg8 44. Rb3 Be7 45. Nb6 Rxa2 46. Nd5 a5 47. Nxe7+ Nxe7 48. Kd1 Nc6 49. Kc1 Ra1+ 50. Kd2 Nd4 51. Rd3 f6 52. f4 Rb1 53. fxe5 Rxb2+ 54. Ke3 Nc6 55. e6 Rxh2 56. Rd6 Rc2 0-1

[Event "27th OIBM 2024"]
[Site "Gmund am Tegernsee"]
[Date "2024.10.26"]
[Round "1.28"]
[White "Zude, Arno"]
[Black "Unterweger, Jonas"]
[Result "1-0"]
[ECO "C54"]
[WhiteElo "2332"]
[BlackElo "2072"]
[Annotator "RC"]
[PlyCount "53"]
[EventDate "2024.09.16"]
[EventType "swiss"]
[EventCountry "GER"]
[SourceTitle "playchess.com"]
[Source "ChessBase"]
[SourceQuality "1"]
[TimeControl "40/5400+30:1800+30"]

1. e4 e5 2. Nf3 Nc6 3. Bc4 Bc5 4. c3 Nf6 5. d3 O-O 6. O-O d5 7. exd5 Nxd5 8. Re1 Bg4 9. Nbd2 Nb6 10. h3 Bxf3 11. Qxf3 a5 12. Bb3 a4 13. Bc2 f6 14. b4 axb3 15. Nxb3 Ba3 16. d4 Bxc1 17. Raxc1 exd4 18. cxd4 Nxd4 19. Nxd4 Qxd4 20. Bb3+ Kh8 21. Rxc7 Qd6 22. Rxb7 Rfe8 23. Rxe8+ Rxe8 24. Qg3 Qxg3 25. fxg3 Nc8 26. Rb8 g6 27. Bf7 1-0

[Event "27th OIBM 2024"]
[Site "Gmund am Tegernsee"]
[Date "2024.10.26"]
[Round "1.29"]
[White "Preissler, Niklas"]
[Black "Timagin, Petr"]
[Result "1/2-1/2"]
[ECO "A47"]
[WhiteElo "2071"]
[BlackElo "2329"]
[Annotator "RC"]
[PlyCount "210"]
[EventDate "2024.09.16"]
[EventType "swiss"]
[EventCountry "GER"]
[SourceTitle "playchess.com"]
[Source "ChessBase"]
[SourceQuality "1"]
[TimeControl "40/5400+30:1800+30"]

1. d4 Nf6 2. Bf4 e6 3. Nf3 b6 4. e3 Bb7 5. h3 Bd6 6. Bxd6 cxd6 7. Bd3 O-O 8. O-O d5 9. Nbd2 d6 10. c4 Nbd7 11. Rc1 e5 12. cxd5 Nxd5 13. Nc4 Qe7 14. dxe5 dxe5 15. Be2 f6 16. a3 Nc5 17. b4 Ne6 18. Qb3 e4 19. Nfd2 Ng5 20. Rfd1 Kh8 21. Qb2 Rae8 22. Nb1 f5 23. Nc3 Nxc3 24. Qxc3 f4 25. exf4 Rxf4 26. Nd6 Ref8 27. Qc7 Qxc7 28. Rxc7 Rxf2 29. Bc4 Ba8 30. Nf7+ Nxf7 31. Rxf7 R2xf7 32. Bxf7 e3 33. Rd7 Bc6 34. Re7 Bb5 35. a4 Bxa4 36. Bh5 g6 37. Be2 a5 38. bxa5 bxa5 39. Rxe3 Re8 40. Ra3 Rxe2 41. Rxa4 Re5 42. Kf2 Kg7 43. Rc4 Re7 44. Ra4 Ra7 45. Ke3 Kf6 46. Kd4 h5 47. g3 Ra8 48. Kd5 Rd8+ 49. Ke4 Re8+ 50. Kd4 Re5 51. Ra3 Ke6 52. Ra2 Kd6 53. Ra3 Rg5 54. Rf3 Rd5+ 55. Kc4 Rc5+ 56. Kd4 Rc6 57. Ra3 Ra6 58. Ra4 Ra8 59. h4 Ra7 60. Kc4 Kc6 61. Kb3 Kd5 62. Kc3 Ra6 63. Kd3 Kc5 64. Kc3 Kb5 65. Re4 a4 66. Re5+ Kc6 67. Re6+ Kb7 68. Re7+ Kc8 69. Kb2 a3+ 70. Ka2 Kd8 71. Re4 Kd7 72. g4 hxg4 73. Rxg4 Ke7 74. Rg5 Kf6 75. Rg4 Ra5 76. Rb4 Kg7 77. Rb7+ Kh6 78. Rb4 Kh5 79. Rd4 Rf5 80. Kxa3 Rf3+ 81. Kb2 Rh3 82. Kc2 Rxh4 83. Rd5+ Kg4 84. Rd4+ Kg3 85. Rd3+ Kf4 86. Rd4+ Kg5 87. Rd5+ Kh6 88. Kd3 Rf4 89. Ke3 g5 90. Rd1 Kg6 91. Rd2 Rf8 92. Rf2 Ra8 93. Kf3 Ra3+ 94. Kg4 Rb3 95. Ra2 Rb4+ 96. Kg3 Kh5 97. Rh2+ Rh4 98. Rxh4+ gxh4+ 99. Kh3 Kg5 100. Kh2 Kg4 101. Kg2 h3+ 102. Kh2 Kh4 103. Kh1 Kg3 104. Kg1 h2+ 105. Kh1 Kh3 1/2-1/2

[Event "27th OIBM 2024"]
[Site "Gmund am Tegernsee"]
[Date "2024.10.26"]
[Round "1.30"]
[White "Stopa, Jacek"]
[Black "Schmidt, Gerhard"]
[Result "1-0"]
[ECO "A65"]
[WhiteElo "2326"]
[BlackElo "2087"]
[Annotator "RC"]
[PlyCount "63"]
[EventDate "2024.09.16"]
[EventType "swiss"]
[EventCountry "GER"]
[SourceTitle "playchess.com"]
[Source "ChessBase"]
[SourceQuality "1"]
[TimeControl "40/5400+30:1800+30"]

1. d4 Nf6 2. c4 g6 3. f3 c5 4. d5 d6 5. e4 e6 6. Nc3 exd5 7. cxd5 Bg7 8. Nge2 O-O 9. Ng3 a6 10. a4 Nbd7 11. Be2 Ne8 12. Be3 Rb8 13. Qd2 Nc7 14. Bg5 Bf6 15. h4 b5 16. f4 c4 17. axb5 axb5 18. e5 dxe5 19. fxe5 Bxg5 20. hxg5 Nxe5 21. Nge4 Ne8 22. Qf4 f6 23. gxf6 Nd7 24. Qh2 Rf7 25. Ng5 Nexf6 26. Nxf7 Kxf7 27. Bg4 Nxg4 28. Qxh7+ Kf6 29. Qh4+ g5 30. Ne4+ Ke5 31. Nxg5 Ndf6 32. Nf7+ 1-0

[Event "27th OIBM 2024"]
[Site "Gmund am Tegernsee"]
[Date "2024.10.26"]
[Round "1.31"]
[White "Krahe, Frank"]
[Black "Gschiel, Alexander"]
[Result "0-1"]
[ECO "C56"]
[WhiteElo "2062"]
[BlackElo "2326"]
[Annotator "RC"]
[PlyCount "107"]
[EventDate "2024.09.16"]
[EventType "swiss"]
[EventCountry "GER"]
[SourceTitle "playchess.com"]
[Source "ChessBase"]
[SourceQuality "1"]
[TimeControl "40/5400+30:1800+30"]

1. e4 e5 2. Nf3 Nc6 3. Bc4 Nf6 4. d4 exd4 5. O-O Nxe4 6. Re1 d5 7. Bxd5 Qxd5 8. Nc3 Qd7 9. Nxe4 Be7 10. Bg5 O-O 11. Bxe7 Qxe7 12. Nxd4 Bd7 13. Nb5 Rad8 14. Qh5 Ne5 15. Ng5 h6 16. Nf3 Nxf3+ 17. Qxf3 Qc5 18. Nc3 Bc6 19. Qf4 Rd4 20. Qe5 Qb6 21. b3 Rd2 22. Re2 Rxe2 23. Qxe2 Re8 24. Qd2 Qb4 25. Re1 Rxe1+ 26. Qxe1 Qg4 27. Qf1 Qg6 28. Ne2 Qxc2 29. Nd4 Qxa2 30. Nxc6 bxc6 31. Qd1 c5 32. h4 c4 33. bxc4 Qxc4 34. h5 a5 35. Qd7 Qc1+ 36. Kh2 Qc5 37. Qe8+ Qf8 38. Qb5 Qa8 39. Qa4 Qd5 40. g4 Qf3 41. Qxa5 Qxg4 42. Qxc7 Qxh5+ 43. Kg2 Qg4+ 44. Kh1 Qf3+ 45. Kg1 h5 46. Qe7 Kh7 47. Qc7 h4 48. Qe7 f5 49. Qb4 g5 50. Qb1 h3 51. Qf1 Kh6 52. Kh2 g4 53. Qg1 Kh5 54. Qf1 0-1

[Event "27th OIBM 2024"]
[Site "Gmund am Tegernsee"]
[Date "2024.10.26"]
[Round "1.32"]
[White "Farokhi, Keyvan"]
[Black "Li, Yunqi"]
[Result "1-0"]
[ECO "E44"]
[WhiteElo "2320"]
[BlackElo "2062"]
[Annotator "RC"]
[PlyCount "65"]
[EventDate "2024.09.16"]
[EventType "swiss"]
[EventCountry "GER"]
[SourceTitle "playchess.com"]
[Source "ChessBase"]
[SourceQuality "1"]
[TimeControl "40/5400+30:1800+30"]

1. d4 Nf6 2. c4 e6 3. Nc3 Bb4 4. e3 b6 5. Nge2 Bb7 6. a3 Bxc3+ 7. Nxc3 Ne4 8. Nxe4 Bxe4 9. f3 Bb7 10. Qc2 Qh4+ 11. Qf2 Qxf2+ 12. Kxf2 d6 13. Bd3 Nd7 14. b3 O-O 15. Bb2 Rfe8 16. Rad1 e5 17. Bf5 Nf6 18. dxe5 dxe5 19. Rd2 Bc8 20. Bc2 h6 21. Rhd1 Bb7 22. b4 Bc6 23. g4 g5 24. a4 Kf8 25. a5 bxa5 26. b5 Bb7 27. c5 Rab8 28. Ba4 h5 29. h3 hxg4 30. hxg4 Re7 31. c6 Bc8 32. Ba3 e4 33. Rd8+ 1-0

[Event "27th OIBM 2024"]
[Site "Gmund am Tegernsee"]
[Date "2024.10.26"]
[Round "1.33"]
[White "Pasti, Zsombor"]
[Black "Ernst, Robert"]
[Result "0-1"]
[ECO "D39"]
[WhiteElo "2062"]
[BlackElo "2319"]
[Annotator "RC"]
[PlyCount "48"]
[EventDate "2024.09.16"]
[EventType "swiss"]
[EventCountry "GER"]
[SourceTitle "playchess.com"]
[Source "ChessBase"]
[SourceQuality "1"]
[TimeControl "40/5400+30:1800+30"]

1. d4 d5 2. c4 e6 3. Nc3 Bb4 4. Nf3 Nf6 5. Bg5 dxc4 6. e4 b5 7. Qc2 h6 8. Bh4 g5 9. Nxg5 hxg5 10. Bxg5 Rg8 11. h4 c5 12. O-O-O Bxc3 13. bxc3 Qc7 14. dxc5 Nbd7 15. e5 Nd5 16. Be2 Bb7 17. Rhe1 Rxg5 18. hxg5 Qxe5 19. g6 O-O-O 20. Kb2 Qf6 21. Bf3 fxg6 22. Bxd5 Bxd5 23. a4 b4 24. c6 Nc5 0-1

[Event "27th OIBM 2024"]
[Site "Gmund am Tegernsee"]
[Date "2024.10.26"]
[Round "1.34"]
[White "Goh, Zi Han"]
[Black "Proschmann, Tino"]
[Result "1-0"]
[ECO "D73"]
[WhiteElo "2319"]
[BlackElo "2061"]
[Annotator "RC"]
[PlyCount "53"]
[EventDate "2024.09.16"]
[EventType "swiss"]
[EventCountry "GER"]
[SourceTitle "playchess.com"]
[Source "ChessBase"]
[SourceQuality "1"]
[TimeControl "40/5400+30:1800+30"]

1. d4 d5 2. c4 c6 3. Nf3 Nf6 4. g3 g6 5. Bg2 dxc4 6. a4 Bg7 7. O-O O-O 8. Na3 Be6 9. Ng5 Qd7 10. Nxe6 Qxe6 11. Qc2 Rd8 12. e3 Na6 13. Nxc4 Nb4 14. Qb3 Nbd5 15. Bd2 Nb6 16. Rfc1 c5 17. a5 Nxc4 18. Qxc4 cxd4 19. a6 dxe3 20. Qxe6 exf2+ 21. Kf1 fxe6 22. axb7 Rab8 23. Ba5 Rf8 24. Bc7 Rbe8 25. Bc6 Rd8 26. Bxd8 Rxd8 27. Rxa7 1-0

[Event "27th OIBM 2024"]
[Site "Gmund am Tegernsee"]
[Date "2024.10.26"]
[Round "1.35"]
[White "Danninger, Hugo Kian"]
[Black "Forchert, Martin"]
[Result "1/2-1/2"]
[ECO "D04"]
[WhiteElo "2057"]
[BlackElo "2316"]
[Annotator "RC"]
[PlyCount "74"]
[EventDate "2024.09.16"]
[EventType "swiss"]
[EventCountry "GER"]
[SourceTitle "playchess.com"]
[Source "ChessBase"]
[SourceQuality "1"]
[TimeControl "40/5400+30:1800+30"]

1. d4 d5 2. Nf3 Nf6 3. e3 g6 4. Be2 Bg7 5. O-O O-O 6. c4 dxc4 7. Bxc4 b6 8. Nc3 Bb7 9. Re1 Ne4 10. Bd3 Nxc3 11. bxc3 c5 12. Ba3 Nd7 13. Rc1 e5 14. Bb5 Rc8 15. Bxd7 Bxf3 16. Qxf3 Qxd7 17. Qd1 Rfd8 18. dxc5 Bf8 19. Qb3 Bxc5 20. Red1 Qe7 21. Bb4 Qc7 22. h3 Bxb4 23. Qxb4 Kg7 24. Qa4 Qe7 25. Rxd8 Rxd8 26. Rd1 Rxd1+ 27. Qxd1 Qc5 28. Qb3 b5 29. Qb4 Qxb4 30. cxb4 e4 31. Kf1 h5 32. g3 g5 33. Ke2 Kf6 34. Kd2 Ke5 35. Kc3 f6 36. Kb3 Kd5 37. Kc3 Ke5 1/2-1/2

[Event "27th OIBM 2024"]
[Site "Gmund am Tegernsee"]
[Date "2024.10.26"]
[Round "1.36"]
[White "Kozlovic, Jernej"]
[Black "Dietze, Frank"]
[Result "1-0"]
[ECO "B31"]
[WhiteElo "2313"]
[BlackElo "2101"]
[Annotator "RC"]
[PlyCount "49"]
[EventDate "2024.09.16"]
[EventType "swiss"]
[EventCountry "GER"]
[SourceTitle "playchess.com"]
[Source "ChessBase"]
[SourceQuality "1"]
[TimeControl "40/5400+30:1800+30"]

1. e4 c5 2. Nf3 Nc6 3. Bb5 g6 4. O-O Bg7 5. Re1 e5 6. Bxc6 dxc6 7. d3 Ne7 8. a3 a5 9. Be3 b6 10. Nbd2 Ba6 11. Qb1 O-O 12. b4 axb4 13. axb4 cxb4 14. Qxb4 c5 15. Qb3 Nc6 16. Nc4 b5 17. Na3 Na5 18. Qb2 b4 19. Nb1 Qc7 20. Nbd2 Rfb8 21. Ra4 Bb5 22. Ra2 b3 23. Nxb3 Bxd3 24. cxd3 Rxb3 25. Qxb3 1-0

[Event "27th OIBM 2024"]
[Site "Gmund am Tegernsee"]
[Date "2024.10.26"]
[Round "1.37"]
[White "Czap, Bernard"]
[Black "Hrebenshchykova, Yelyzaveta"]
[Result "0-1"]
[ECO "A36"]
[WhiteElo "2056"]
[BlackElo "2311"]
[Annotator "RC"]
[PlyCount "80"]
[EventDate "2024.09.16"]
[EventType "swiss"]
[EventCountry "GER"]
[SourceTitle "playchess.com"]
[Source "ChessBase"]
[SourceQuality "1"]
[TimeControl "40/5400+30:1800+30"]

1. c4 Nf6 2. g3 g6 3. Bg2 Bg7 4. Nc3 O-O 5. e4 c5 6. Nge2 Nc6 7. d3 d6 8. a3 Bd7 9. Rb1 a5 10. Be3 Ng4 11. Bg5 h6 12. Bc1 Nd4 13. h3 Nf6 14. Nxd4 cxd4 15. Ne2 e5 16. O-O Qc8 17. Kh2 b5 18. cxb5 Bxb5 19. a4 Ba6 20. b4 axb4 21. Rxb4 Nd7 22. Ba3 Nc5 23. Nc1 Qd7 24. Rb6 Rfb8 25. Bxc5 dxc5 26. Rxb8+ Rxb8 27. Qc2 Bf8 28. f4 exf4 29. gxf4 Rb4 30. e5 c4 31. dxc4 Rxc4 32. Qf2 Rxa4 33. Rd1 d3 34. Nb3 Qb5 35. Nd2 Ra2 36. Qg3 Qa4 37. Qf3 Bb7 38. Qxb7 Qxd1 39. Ne4 Qf1 40. Nf6+ Kh8 0-1

[Event "27th OIBM 2024"]
[Site "Gmund am Tegernsee"]
[Date "2024.10.26"]
[Round "1.38"]
[White "Wong, Gengchun"]
[Black "Ercan, Selman"]
[Result "1-0"]
[ECO "B12"]
[WhiteElo "2295"]
[BlackElo "2054"]
[Annotator "RC"]
[PlyCount "75"]
[EventDate "2024.09.16"]
[EventType "swiss"]
[EventCountry "GER"]
[SourceTitle "playchess.com"]
[Source "ChessBase"]
[SourceQuality "1"]
[TimeControl "40/5400+30:1800+30"]

1. e4 c6 2. d4 d5 3. e5 c5 4. dxc5 e6 5. Nf3 Bxc5 6. Bd3 Ne7 7. O-O Ng6 8. a3 a6 9. b4 Ba7 10. Bb2 Nf4 11. Re1 Nxd3 12. Qxd3 O-O 13. Nbd2 Bd7 14. c4 Bc6 15. b5 axb5 16. cxb5 Be8 17. a4 Nd7 18. Nb3 Nc5 19. Nxc5 Bxc5 20. Bd4 Bxd4 21. Nxd4 Bd7 22. h3 f6 23. Qe3 Qb6 24. Qd2 Rac8 25. a5 Qc5 26. exf6 Rxf6 27. a6 bxa6 28. bxa6 Qd6 29. a7 Rff8 30. Qe2 Rfe8 31. Ra6 Qb4 32. Nxe6 Bxe6 33. Rxe6 Rf8 34. Re7 Qf4 35. Qe6+ Kh8 36. Qxc8 Qxf2+ 37. Kh1 Rxc8 38. Re8+ 1-0

[Event "27th OIBM 2024"]
[Site "Gmund am Tegernsee"]
[Date "2024.10.26"]
[Round "1.39"]
[White "Jerie, Sven"]
[Black "Chassard, Cedric"]
[Result "1/2-1/2"]
[ECO "B90"]
[WhiteElo "2054"]
[BlackElo "2292"]
[Annotator "RC"]
[PlyCount "86"]
[EventDate "2024.09.16"]
[EventType "swiss"]
[EventCountry "GER"]
[SourceTitle "playchess.com"]
[Source "ChessBase"]
[SourceQuality "1"]
[TimeControl "40/5400+30:1800+30"]

1. e4 c5 2. Nf3 d6 3. d4 cxd4 4. Nxd4 Nf6 5. Nc3 a6 6. Be3 Ng4 7. Bc1 Nc6 8. f3 Qb6 9. Nce2 e5 10. fxg4 exd4 11. Nf4 Qc5 12. Nd5 Nb4 13. Nxb4 Qxb4+ 14. Bd2 Qc5 15. Bd3 Be7 16. O-O O-O 17. Qf3 Be6 18. b3 Bg5 19. Bf4 Bxf4 20. Qxf4 h6 21. h3 Rac8 22. Rae1 Qe5 23. Qd2 Rc3 24. Rf3 Rfc8 25. Ref1 R8c7 26. Qf2 a5 27. a4 b6 28. Qh4 Qg5 29. Qg3 R7c6 30. Qf2 Qe5 31. Qh4 Rc8 32. Qf2 Rd8 33. Qh4 Qg5 34. Qf2 Qe5 35. Qh4 Rd7 36. Kh1 d5 37. exd5 Qxd5 38. Qf2 Qg5 39. Qe2 Re7 40. Qe4 Kf8 41. Qxd4 Qc5 42. Qe4 Qg5 43. Qd4 Qc5 1/2-1/2

[Event "27th OIBM 2024"]
[Site "Gmund am Tegernsee"]
[Date "2024.10.26"]
[Round "1.40"]
[White "Singer, Christoph"]
[Black "Gut, Raphael"]
[Result "0-1"]
[ECO "A48"]
[WhiteElo "2289"]
[BlackElo "2053"]
[Annotator "RC"]
[PlyCount "94"]
[EventDate "2024.09.16"]
[EventType "swiss"]
[EventCountry "GER"]
[SourceTitle "playchess.com"]
[Source "ChessBase"]
[SourceQuality "1"]
[TimeControl "40/5400+30:1800+30"]

1. d4 Nf6 2. Nf3 g6 3. Nbd2 d5 4. e3 Bg7 5. Be2 O-O 6. O-O c5 7. c3 Qc7 8. b3 Nc6 9. Bb2 Rd8 10. Qc1 Bf5 11. b4 c4 12. b5 Na5 13. Ba3 a6 14. b6 Qxb6 15. Bxe7 Re8 16. Bc5 Qc7 17. Qb2 Nd7 18. Bb4 Nc6 19. a4 b5 20. axb5 axb5 21. Ba3 Qb7 22. Bd6 Bf6 23. Rfc1 Kg7 24. Bd1 h6 25. Ne1 Na5 26. Bb4 Nc6 27. Bd6 Na5 28. Nc2 Ra6 29. Nb4 Rxd6 30. Rxa5 Bd8 31. Ra2 Nf6 32. Rca1 Bb6 33. Bf3 Ne4 34. Nxe4 Bxe4 35. Bxe4 Rxe4 36. Nc2 Qd7 37. Rb1 Bc7 38. Ne1 Rb6 39. Ra5 Qf5 40. Nf3 Rg4 41. Ne5 b4 42. cxb4 Bxe5 43. dxe5 c3 44. Qc1 Rgxb4 45. Rxb4 Rxb4 46. Ra1 c2 47. e4 Qxe4 0-1

[Event "27th OIBM 2024"]
[Site "Gmund am Tegernsee"]
[Date "2024.10.26"]
[Round "1.41"]
[White "Ramirez Maillo, Cristian"]
[Black "Priyanka Nutakki"]
[Result "0-1"]
[ECO "B00"]
[WhiteElo "2051"]
[BlackElo "2289"]
[Annotator "RC"]
[PlyCount "60"]
[EventDate "2024.09.16"]
[EventType "swiss"]
[EventCountry "GER"]
[SourceTitle "playchess.com"]
[Source "ChessBase"]
[SourceQuality "1"]
[TimeControl "40/5400+30:1800+30"]

1. e4 Nc6 2. Nf3 d6 3. Bc4 Nf6 4. d3 g6 5. c3 Bg7 6. O-O O-O 7. a4 a5 8. Na3 e5 9. Re1 h6 10. h3 Bd7 11. d4 Nh5 12. dxe5 dxe5 13. Be3 Qe7 14. Nb5 Rac8 15. Nh2 Nf4 16. Qf3 Be6 17. Bxe6 Nxe6 18. Rad1 Rcd8 19. Bc1 Nb8 20. Ng4 h5 21. Ne3 c6 22. Na3 Ng5 23. Qe2 Nxe4 24. Nec4 Nc5 25. Nxa5 Nxa4 26. Qc4 b5 27. Nxc6 Qf6 28. Nxb5 Nb6 29. Rxd8 Nxc4 30. Rxf8+ Bxf8 0-1

[Event "27th OIBM 2024"]
[Site "Gmund am Tegernsee"]
[Date "2024.10.26"]
[Round "1.42"]
[White "Schuster, Karsten"]
[Black "Graf, Christian"]
[Result "1-0"]
[ECO "D13"]
[WhiteElo "2283"]
[BlackElo "2050"]
[Annotator "RC"]
[PlyCount "143"]
[EventDate "2024.09.16"]
[EventType "swiss"]
[EventCountry "GER"]
[SourceTitle "playchess.com"]
[Source "ChessBase"]
[SourceQuality "1"]
[TimeControl "40/5400+30:1800+30"]

1. d4 d5 2. c4 c6 3. cxd5 cxd5 4. Bf4 Nc6 5. e3 Nf6 6. Nc3 a6 7. Bd3 e6 8. Nf3 Be7 9. h3 b5 10. Rc1 Bb7 11. O-O O-O 12. Ne5 Nxe5 13. Bxe5 Rc8 14. Qe2 Qb6 15. Nb1 Rc6 16. Rxc6 Qxc6 17. Nd2 Rc8 18. Nb3 Qb6 19. Qe1 b4 20. Qb1 h6 21. Rc1 Rc6 22. Rxc6 Qxc6 23. Na5 Qb6 24. Nxb7 Qxb7 25. Qc2 Ne4 26. Qc7 Qxc7 27. Bxc7 Bd6 28. Bxd6 Nxd6 29. Bxa6 Kf8 30. Kf1 Ke7 31. Ke2 Kd7 32. Bd3 Kc6 33. Kd2 Kb6 34. f3 f6 35. b3 e5 36. Bg6 Kb5 37. Kd3 Kc6 38. g4 exd4 39. Kxd4 Nb5+ 40. Kd3 Kc5 41. Be8 Nd6 42. Bd7 Nf7 43. f4 g5 44. Bf5 Nd6 45. Bg6 Nb5 46. Kd2 Nd6 47. Bd3 Nf7 48. Bg6 Nd6 49. fxg5 hxg5 50. Bd3 Nf7 51. Kc2 Ne5 52. Be2 Nc6 53. Kb2 d4 54. exd4+ Nxd4 55. Bd3 Nf3 56. a4 bxa3+ 57. Kxa3 Kd4 58. Bf5 Kc5 59. b4+ Kb6 60. Bd3 Ne5 61. Be2 Nc6 62. Bf1 Nd4 63. Bd3 Nf3 64. Kb3 Nd4+ 65. Kc4 Nf3 66. Kd5 Ne5 67. Be2 Ng6 68. Bf1 Nf4+ 69. Ke4 Nxh3 70. Bxh3 Kb5 71. Kf5 Kxb4 72. Kxf6 1-0

[Event "27th OIBM 2024"]
[Site "Gmund am Tegernsee"]
[Date "2024.10.26"]
[Round "1.43"]
[White "Schroer, Marcel"]
[Black "Dehlinger, Alexander"]
[Result "1/2-1/2"]
[ECO "A46"]
[WhiteElo "2048"]
[BlackElo "2276"]
[Annotator "RC"]
[PlyCount "38"]
[EventDate "2024.09.16"]
[EventType "swiss"]
[EventCountry "GER"]
[SourceTitle "playchess.com"]
[Source "ChessBase"]
[SourceQuality "1"]
[TimeControl "40/5400+30:1800+30"]

1. d4 Nf6 2. Nf3 e6 3. g3 b5 4. Bg2 Bb7 5. O-O c5 6. a4 b4 7. Bg5 Na6 8. c3 Be7 9. Qd3 bxc3 10. bxc3 cxd4 11. Bxf6 Bxf6 12. cxd4 Nb4 13. Qd2 Be7 14. Nc3 O-O 15. a5 Rc8 16. Rfb1 Bxf3 17. Bxf3 d5 18. e3 Rb8 19. Be2 Qd7 1/2-1/2

[Event "27th OIBM 2024"]
[Site "Gmund am Tegernsee"]
[Date "2024.10.26"]
[Round "1.44"]
[White "Giemsa, Stephan"]
[Black "Niese, Holger"]
[Result "*"]
[ECO "A06"]
[WhiteElo "2275"]
[BlackElo "2046"]
[Annotator "RC"]
[PlyCount "89"]
[EventDate "2024.09.16"]
[EventType "swiss"]
[EventCountry "GER"]
[SourceTitle "playchess.com"]
[Source "ChessBase"]
[SourceQuality "1"]
[TimeControl "40/5400+30:1800+30"]

1. d4 Nf6 2. Nf3 d5 3. c4 c6 4. e3 e6 5. b3 Nbd7 6. Bb2 Bd6 7. Bd3 O-O 8. O-O a5 9. Nc3 Re8 10. e4 dxe4 11. Nxe4 Nxe4 12. Bxe4 Nf6 13. Bc2 b5 14. Ne5 Bb7 15. Qf3 Rb8 16. Nxc6 bxc4 17. d5 Bxc6 18. dxc6 e5 19. Qc3 cxb3 20. Bxb3 Qc7 21. h3 Ne4 22. Qc2 Nc5 23. Bd5 Nd3 24. Qxd3 Rxb2 25. Rab1 Rb4 26. Rxb4 axb4 27. Rd1 Rd8 28. Qc4 g6 29. Rd3 Kg7 30. Rf3 g5 31. g4 f5 32. gxf5 Rf8 33. Qg4 Rf7 34. Qc4 Rxf5 35. Qg4 Rxf3 36. Qxf3 Qe7 37. Qg4 h5 38. Qc4 Qc7 39. Be4 Qe7 40. Bd5 Qd7 41. Be4 Qc7 42. Qd5 Qd7 43. Kf1 Kf6 44. Bc2 Qe7 45. h4 *

[Event "27th OIBM 2024"]
[Site "Gmund am Tegernsee"]
[Date "2024.10.26"]
[Round "1.44"]
[White "Giemsa, Stephan"]
[Black "Niese, Holger"]
[Result "1-0"]
[ECO "A06"]
[WhiteElo "2275"]
[BlackElo "2046"]
[Annotator "RC"]
[PlyCount "61"]
[EventDate "2024.09.16"]
[EventType "swiss"]
[EventCountry "GER"]
[SourceTitle "playchess.com"]
[Source "ChessBase"]
[SourceQuality "1"]
[TimeControl "40/5400+30:1800+30"]

1. d4 Nf6 2. Nf3 d5 3. c4 c6 4. e3 e6 5. b3 Nbd7 6. Bb2 Bd6 7. Bd3 O-O 8. O-O a5 9. Nc3 Re8 10. e4 dxe4 11. Nxe4 Nxe4 12. Bxe4 Nf6 13. Bc2 b5 14. Ne5 Bb7 15. Qf3 Rb8 16. Nxc6 bxc4 17. d5 Bxc6 18. dxc6 e5 19. Qc3 cxb3 20. Bxb3 Qc7 21. h3 Ne4 22. Qc2 Nc5 23. Bd5 Nd3 24. Qxd3 Rxb2 25. Rab1 Rb4 26. Rxb4 axb4 27. Rd1 Rd8 28. Qc4 g6 29. Rd3 Kg7 30. Rf3 f5 31. g4 1-0

[Event "27th OIBM 2024"]
[Site "Gmund am Tegernsee"]
[Date "2024.10.26"]
[Round "1.45"]
[White "Hiemer, Bernd"]
[Black "Mitev, Valentin"]
[Result "0-1"]
[ECO "B25"]
[WhiteElo "2044"]
[BlackElo "2274"]
[Annotator "RC"]
[PlyCount "114"]
[EventDate "2024.09.16"]
[EventType "swiss"]
[EventCountry "GER"]
[SourceTitle "playchess.com"]
[Source "ChessBase"]
[SourceQuality "1"]
[TimeControl "40/5400+30:1800+30"]

1. e4 g6 2. Nc3 Bg7 3. g3 c5 4. Bg2 d6 5. d3 Nc6 6. Nf3 Rb8 7. O-O b5 8. h3 e6 9. Nh4 b4 10. Ne2 e5 11. Be3 Bf6 12. Nf3 g5 13. c3 h5 14. Nd2 Nge7 15. Nc4 Be6 16. f4 gxf4 17. gxf4 Bxc4 18. dxc4 bxc3 19. bxc3 Ng6 20. f5 Nf4 21. Bxf4 exf4 22. Qa4 Qd7 23. Rab1 Be5 24. Rxb8+ Nxb8 25. Qxd7+ Kxd7 26. Nxf4 Bxf4 27. Rxf4 Nc6 28. Bf3 Ne5 29. Be2 h4 30. Kf2 Ke7 31. f6+ Kd7 32. Bg4+ Kc7 33. Be2 Kb6 34. Ke3 Ka5 35. Rf1 Rb8 36. Rd1 Rb6 37. Kf4 Ka4 38. Kg5 Ka3 39. Kxh4 Kxa2 40. Kg5 a5 41. h4 a4 42. h5 Rb2 43. Re1 Rb8 44. Rd1 a3 45. Rxd6 Rb2 46. Kf5 Rxe2 47. Kxe5 Kb3 48. Ra6 Rh2 49. Kd6 Rxh5 50. e5 a2 51. e6 fxe6 52. f7 Rh8 53. Kxe6 Rh6+ 54. Kd5 Rh8 55. Ke6 Kb2 56. Ke7 a1=Q 57. Rxa1 Kxa1 0-1

[Event "27th OIBM 2024"]
[Site "Gmund am Tegernsee"]
[Date "2024.10.26"]
[Round "1.46"]
[White "Lutz, Ruben"]
[Black "Billio, Atto"]
[Result "0-1"]
[ECO "A80"]
[WhiteElo "2270"]
[BlackElo "2040"]
[Annotator "RC"]
[PlyCount "84"]
[EventDate "2024.09.16"]
[EventType "swiss"]
[EventCountry "GER"]
[SourceTitle "playchess.com"]
[Source "ChessBase"]
[SourceQuality "1"]
[TimeControl "40/5400+30:1800+30"]

1. d4 f5 2. Nc3 Nf6 3. Bg5 d5 4. Bxf6 exf6 5. e3 Be6 6. Bd3 Nc6 7. Nge2 Qd7 8. a3 a6 9. O-O Bd6 10. Na4 b6 11. b3 O-O 12. c4 Rfb8 13. Qc2 g6 14. cxd5 Bxd5 15. Nac3 Bf7 16. Bc4 Ne7 17. Rfd1 b5 18. Bxf7+ Kxf7 19. Nc1 f4 20. exf4 Bxf4 21. Nd3 Bh6 22. Nc5 Qf5 23. Qxf5 Nxf5 24. Nd5 Ra7 25. Nb4 Rb6 26. d5 Ne7 27. Ne6 Rd6 28. a4 bxa4 29. Rxa4 a5 30. Nc5 f5 31. Rd3 Bf8 32. g3 h5 33. h4 Nc8 34. Ne6 axb4 35. Rxb4 Nb6 36. Rbd4 Bg7 37. Rb4 Nxd5 38. Ng5+ Ke7 39. Rb8 Ra1+ 40. Kh2 Ra2 41. Rb5 c6 42. Rb7+ Rd7 0-1